 Dungeon Crawl Stone Soup version 0.19-a0-1012-g919fee8 (webtiles) character file.

525 Deemzul the Insei (level 7, -3/49 HPs)
             Began as an Octopode Monk on July 24, 2016.
             Killed by divine providence
             ... invoked by an orc priest
              (20 damage)
             ... on level 5 of the Dungeon.
             The game lasted 00:04:10 (3443 turns).

Deemzul the Insei (Octopode Monk)                   Turns: 3443, Time: 00:04:10

Health: -3/49      AC:  1    Str: 11    XL:     7   Next: 23%
Magic:  7/7        EV: 15    Int: 12    God:
Gold:   140        SH:  0    Dex: 16    Spells: 0 memorised, 6 levels left

rFire  . . .     SeeInvis .       - Unarmed
rCold  . . .     Gourm    .     (no shield)
rNeg   . . .     Faith    .     (helmet restricted)
rPois  .         Spirit   .     k - amulet of harm
rElec  .         Dismiss  .     (no ring)
rCorr  .         Reflect  .     (no ring)
SustAt .         Harm     +     (no ring)
MR     .....                    (no ring)
Stlth  +++.......               (no ring)
                                (no ring)
                                (no ring)
                                (no ring)

@: not resistant to hostile enchantments, fairly stealthy
A: almost no armour, amphibious, 8 rings, constrict 8, camouflage 1, gelatinous
body 1
a: no special abilities


You were on level 5 of the Dungeon.
You were not hungry.

You visited 1 branch of the dungeon, and saw 6 of its levels.

You collected 140 gold pieces.

Inventory:

Jewellery
 k - an amulet of harm (around mantle)
Wands
 r - a wand of flame (38/48)
Scrolls
 c - 5 scrolls of identify
 g - a scroll of blinking
 i - 3 scrolls of remove curse
 m - a scroll of fear {unknown}
 n - a scroll of enchant weapon
 o - a scroll of random uselessness {unknown}
 p - a scroll of recharging {unknown}
Potions
 b - 2 potions of curing
 e - a potion of mutation {unknown}
 h - a potion of might {unknown}
 j - 2 potions of ambrosia
Comestibles
 a - 4 bread rations
 d - 5 meat rations
 f - a beef jerky
 l - a slice of pizza
 q - a chunk of flesh


   Skills:
 + Level 4.7 Fighting
 + Level 4.6 Dodging
 - Level 2.6 Stealth
 * Level 6.1 Unarmed Combat


You had 6 spell levels left.
You didn't know any spells.

Dungeon Overview and Level Annotations

Branches:
Dungeon (6/15)
 Temple: D:4-7

Altars:
Gozag
Nemelex Xobeh
Okawaru
Trog
Xom

Annotations:
D:5 1 runed door, Blork the orc


Innate Abilities, Weirdness & Mutations

You cannot wear most types of armour.
You are amphibious.
You can wear up to eight rings at the same time.
You can use your tentacles to constrict eight enemies at once.
Your skin changes colour to match your surroundings (Stealth+).
Your rubbery body absorbs attacks. (AC +1)


Message History

Unknown command.
It was a potion of curing.
You feel better.
You constrict the orc. The orc hits you.
The orc priest looks braver for a moment.
You tentacle-slap the orc.
You kill the orc!
You tentacle-slap the orc priest but do no damage.
You grab the orc priest. You tentacle-slap the orc priest.
You squeeze the orc priest.
The orc priest is heavily wounded.
You constrict the orc priest.
The orc priest looks braver for a moment.
The orc priest invokes the aid of Beogh against you.
You struggle to resist.
You tentacle-slap the orc priest but do no damage.
The orc priest is heavily wounded.
You constrict the orc priest.
The orc priest mumbles some strange prayers to Beogh against you.
Beogh smites you!
You die...

## #### . #... ##.
..# ###### #.. .#
#....# #o# #
#....# #o# #
#.)..# #o#
##....#######@#
####._......##...#
.........##......#
#####....#####...#
#....# ###.#
#..(.# #..# #....#
##... ###### ....
###P


You could see 2 orc priests and an orc.

Vanquished Creatures
  A phantom (D:5)
  A water moccasin skeleton (D:4)
  2 crimson imps (D:5)
  A hound (D:6)
  A worker ant (D:4)
  A hound skeleton (D:4)
  3 gnolls (D:3)
  12 adders
  An ooze (D:4)
  3 worms (D:2)
  4 dart slugs
  5 giant geckos
  10 orcs
  10 bats
  3 giant cockroaches
  7 goblins
  5 hobgoblins
  8 jackals (D:1)
  4 kobolds
  A ball python (D:2)
  A giant gecko skeleton (D:4)
  2 giant newts
  A quokka skeleton (D:4)
  7 rats
94 creatures vanquished.

Notes
Turn   | Place    | Note
-------+----------+-------------------------------------------
     0 | D:1      | Deemzul the Octopode Monk began the quest for the Orb.
     0 | D:1      | Reached XP level 1. HP: 16/16 MP: 1/1
    38 | D:1      | Reached XP level 2. HP: 11/21 MP: 2/2
   592 | D:1      | Reached XP level 3. HP: 15/26 MP: 3/3
  1055 | D:2      | Reached XP level 4. HP: 31/31 MP: 4/4
  1108 | D:2      | Reached skill level 4 in Unarmed Combat
  1396 | D:2      | Reached XP level 5. HP: 22/37 MP: 5/5
  1691 | D:3      | Found a shimmering altar of Xom.
  2423 | D:4      | Found an opulent altar of Gozag.
  2429 | D:4      | Reached skill level 5 in Unarmed Combat
  2434 | D:4      | Reached XP level 6. HP: 42/43 MP: 6/6
  2455 | D:3      | Found a sparkling altar of Nemelex Xobeh.
  2582 | D:4      | Found an iron altar of Okawaru.
  2785 | D:5      | Entered Level 5 of the Dungeon
  3008 | D:5      | Found a runed door.
  3042 | D:5      | Noticed a phantom
  3059 | D:5      | Noticed Blork the orc
  3070 | D:6      | HP: 2/44 [hound (3)]
  3401 | D:5      | Killed a phantom
  3401 | D:5      | Reached skill level 6 in Unarmed Combat
  3401 | D:5      | Reached XP level 7. HP: 31/49 MP: 7/7
  3418 | D:5      | Found a bloodstained altar of Trog.
  3443 | D:5      | Killed from afar by an orc priest

Vault maps used:
D:1:      eino_arrival_water_cross, serial_forest, infiniplex_forest_pool,
          infiniplex_forest_straight_2, infiniplex_forest_end_double,
          infiniplex_forest_diagonal, infiniplex_forest_clump_medium
D:2:      first_bread
D:3:      nicolae_overflow_hidden_temple, lemuel_crystal_altar, minivault_25
D:4:      lemuel_coloured_pillars_altar, nicolae_gozag_seed_capital
D:5:      overflow_temple_1_default, gammafunk_temple_overflow_elements,
          grunt_temple_overflow_growth_and_decay, serial_curves, eino_curves_01,
          eino_curves_04, uniq_sigmund, uniq_blork_the_orc,
          uniq_crazy_yiuf_cottage
D:6:      wad_lake_hut, uniq_edmund

Skill      XL: |  1  2  3  4  5  6 |
---------------+-------------------+-----
Unarmed Combat | 4 5 6 |  6.1
Fighting       | 4 |  4.7
Dodging        | 4 |  4.6
Stealth        | |  2.6

Action                   |  1- 3 |  4- 6 |  7- 9 || total
-------------------------+-------+-------+-------++-------
Melee: Unarmed           |    62 |   153 |     5 ||   220
       Constrict         |    22 |    42 |     2 ||    66
       Tentacles         |    10 |    31 |     3 ||    44
       Punch             |     2 |     8 |     1 ||    11
  Use: Potion            |       |     1 |     1 ||     2
       Scroll            |       |     8 |       ||     8
 Stab: Sleeping          |     5 |    14 |       ||    19
  Eat: Chunk             |       |     7 |     1 ||     8
Armor: Skin              |    10 |     6 |       ||    16
Dodge: Dodged            |    50 |    72 |       ||   122
